 Dungeon Crawl Stone Soup version 0.29.1-1-gd02db6906a (webtiles) character file.

Game seed: 5876498419442611322

4127 Demigod47 the Basher (level 10, 0/84 HPs)
             Began as a Minotaur Fighter on Oct 17, 2022.
             Was a Follower of Okawaru.
             Slain by an orc priest
             ... wielding a +0 trident
              (4 damage)
             ... on level 9 of the Dungeon.
             The game lasted 00:14:24 (9072 turns).

Demigod47 the Basher (Minotaur Fighter)             Turns: 9072, Time: 00:14:24

Health: 0/84       AC: 12    Str: 26    XL:     10   Next: 6%
Magic:  9/9        EV: 11    Int:  5    God:    Okawaru [*.....]
Gold:   26         SH:  0    Dex:  9    Spells: 9/9 levels left

rFire   . . .      SeeInvis .   r - +8 spear
rCold   . . .      Faith    .   c - +0 buckler
rNeg    . . .      Spirit   .   m - +4 scale mail
rPois   .          Reflect  .   (helmet restricted)
rElec   .          Harm     .   (no cloak)
rCorr   .          Rampage  .   (no gloves)
Will    .....                   (no boots)
Stlth   ..........              (no amulet)
HPRegen 0.24/turn               (no ring)
MPRegen 0.11/turn               (no ring)

@: confused
A: horns 2, retaliatory headbutt, mutation resistance 2
a: Renounce Religion, Heroism


You were on level 9 of the Dungeon.
You worshipped Okawaru.
Okawaru was aware of your devotion.
You visited 2 branches of the dungeon, and saw 10 of its levels.

You collected 615 gold pieces.
You spent 543 gold pieces at shops.
You donated 46 gold pieces to Zin.

Inventory:

Hand Weapons
 a - a +0 flail
 q - a +1 vorpal mace
 r - a +8 spear (weapon)
 t - a +1 flail of draining
 v - the +7 hand axe of Dups {flame, Stlth+}
   (You found it on level 6 of the Dungeon)

   It burns those it strikes, dealing additional fire damage.
   Big, fiery blades are also staple armaments of hydra-hunters.
   Stlth:     It makes you more stealthy.
Armour
 b - a +0 scale mail
 c - a +0 buckler (worn)
 i - a +0 chain mail
 m - a +4 scale mail (worn)
Jewellery
 l - an amulet of faith
Wands
 w - a wand of charming (7)
Scrolls
 e - 3 scrolls of magic mapping
 g - 2 scrolls of poison
 j - a scroll of butterflies {unknown}
 n - 2 scrolls of brand weapon {unknown}
 o - a scroll of amnesia {unknown}
 p - 5 scrolls of teleportation {unknown}
 s - 3 scrolls of enchant armour {unknown}
 u - 4 scrolls of identify
Potions
 d - 3 potions of might
 f - 3 potions of brilliance
 h - 4 potions of degeneration


   Skills:
 + Level 6.7 Fighting
 - Level 12.1 Maces & Flails
 * Level 2.8 Polearms
 + Level 8.8 Armour
 + Level 4.6 Dodging
 + Level 1.1 Stealth
 + Level 6.0 Shields


You had 9 spell levels left.
You didn't know any spells.
Your spell library contained the following spells:

 Spells                   Type           Power      Damage    Failure   Level
 Magic Dart               Conj           0%         1d3       80%         1
 Shock                    Conj/Air       0%         1d3       80%         1
 Slow                     Hex            0%         N/A       80%         1
 Confusing Touch          Hex            0%         N/A       99%         3
 Mephitic Cloud           Conj/Pois/Air  0%         N/A       99%         3
 Swiftness                Air            0%         N/A       99%         3
 Vampiric Draining        Necr           0%         2d6       99%         3
 Airstrike                Air            0%         2d(0-16)  100%        4
 Call Imp                 Summ           Unusable   N/A       N/A         2

Dungeon Overview and Level Annotations

Branches:
Dungeon (9/15)             Temple (1/1) D:4
   Lair: D:8-11         Orc: D:9-12

Altars:
Ashenzari
Cheibriados
Dithmenos
Elyvilon
Fedhas
Gozag
Hepliaklqana
Kikubaaqudgha
Makhleb
Okawaru
Qazlal
Sif Muna
Trog
Uskayaw
Vehumet
Wu Jian
Xom
Yredelemnul
Zin
The Shining One

Shops:
D:6 (?*:   D:8 :*

Annotations:
D:8 2 runed translucent doors


Innate Abilities, Weirdness & Mutations

You have a pair of horns on your head.
You reflexively headbutt those who attack you in melee.
You are somewhat resistant to both further mutation and mutation removal.


Message History

The orc priest closely misses you. Something hits you.
* * * LOW HITPOINT WARNING * * *
You hit something but do no damage.
You feel less confused.
The orc priest hits you but does no damage. x2
The orc priest looks braver for a moment.
Something barely misses you.
You puncture something! Okawaru accepts your kill.
Reactivating autopickup.
You feel a bit more experienced.
The orc priest hits you but does no damage.
The orc priest barely misses you.
The orc priest hits you but does no damage.
The orc priest mumbles some strange prayers to Beogh against you.
You struggle to resist.
Items here: ))) [ ††.
Items here: ) / [ †.
The orc priest hits you with a +0 trident!
* * * LOW HITPOINT WARNING * * *
The orc priest begins to cast a cantrip, but forgets the words!
Items here: ))) [ ††.
The orc priest attacks as you move away!
The orc priest hits you but does no damage.
The orc priest hits you from afar with a +0 trident.
* * * LOW HITPOINT WARNING * * *
Items here: ) / [ †.
The orc priest attacks as you move away!
The orc priest barely misses you. You furiously retaliate!
You headbutt the orc priest, but do no damage.
You hit the orc priest but do no damage.
You headbutt the orc priest.
The orc priest is lightly wounded.
You hear some strange, mumbled words.
Deactivating autopickup; reactivate with Ctrl-A.
You are confused.
The orc priest attacks as you move away!
The orc priest barely misses you.
The orc priest hits you from afar with a +0 trident.
You die...

.......##.....#
........#..#.# .
#........# #.
#........##### ...#
#.÷........#..
.....#.............
...............#.#.
.##....<.....###.##
........##....##@.#
.........#....o)).#
#....#...#....o##o#
##.#.###....#o##...#
#(## #..###.###.## #
#### .o# #.. ....
##. ##... .. #..o.
..


You could see 3 orc priests and an orc.

Vanquished Creatures
  Pikel (D:5)
  2 trolls (D:9)
  A hornet (D:8)
  A wraith (D:5)
  A steam dragon (D:8)
  2 water moccasins
  A sky beast (D:6)
  3 black bears
  2 ice beasts
  2 centaurs
  2 necrophages
  2 gnoll sergeants
  2 kobold brigands
  3 bullfrogs
  2 scorpions
  6 killer bees
  3 howler monkeys
  4 jellies
  An orc priest (D:7)
  2 hounds
  5 iguanas
  5 orc wizards
  7 gnolls
  9 adders
  2 shadow imps
  A white imp (D:6)
  An ufetubus (D:5)
  A dart slug (D:4)
  2 worms
  25 orcs
  3 ball pythons
  4 bats (D:1)
  9 endoplasms
  2 giant cockroaches
  6 hobgoblins
  6 jackals
  3 quokkas
  9 frilled lizards
  8 goblins
  12 kobolds
  5 rats
168 creatures vanquished.

Notes
Turn   | Place    | Note
-------+----------+-------------------------------------------
     0 | D:1      | Demigod47 the Minotaur Fighter began the quest for the Orb.
     0 | D:1      | Reached XP level 1. HP: 19/19 MP: 0/0
   343 | D:1      | Reached XP level 2. HP: 27/27 MP: 1/1
   452 | D:1      | Found a faded altar of an unknown god.
   566 | D:1      | Prayed at the altar of an unknown god.
   566 | D:1      | Became a worshipper of Zin the Law-Giver
   566 | D:1      | Reached * piety under Zin
   767 | D:1      | Reached XP level 3. HP: 33/33 MP: 2/2
   890 | D:1      | Reached skill level 3 in Maces & Flails
  1029 | D:2      | You fall into a shaft and drop 2 floors!
  1047 | D:4      | Reached ** piety under Zin
  1181 | D:3      | Reached XP level 4. HP: 33/40 MP: 3/3
  1316 | D:3      | Reached skill level 4 in Maces & Flails
  1403 | D:3      | Found a bloodstained altar of Trog.
  1523 | D:3      | Found a radiant altar of Vehumet.
  1528 | D:3      | Reached *** piety under Zin
  2460 | D:4      | Found a staircase to the Ecumenical Temple.
  2466 | Temple   | Entered the Ecumenical Temple
  2628 | D:4      | Noticed a necrophage
  2638 | D:4      | Killed a necrophage
  2639 | D:4      | Reached skill level 5 in Maces & Flails
  2639 | D:4      | Reached XP level 5. HP: 44/46 MP: 4/4
  2872 | D:4      | Reached **** piety under Zin
  3357 | D:5      | Entered Level 5 of the Dungeon
  3357 | D:5      | Noticed a wraith
  3375 | D:5      | Killed a wraith
  3376 | D:5      | Reached skill level 6 in Maces & Flails
  3376 | D:5      | Reached skill level 5 in Armour
  3376 | D:5      | Reached skill level 1 in Dodging
  3376 | D:5      | Reached XP level 6. HP: 29/52 MP: 5/5
  3530 | D:5      | Found a hide-covered altar of Uskayaw.
  3675 | D:5      | Found an opulent altar of Gozag.
  3700 | D:5      | Noticed a water moccasin
  3709 | D:5      | Killed a water moccasin
  3710 | D:5      | Reached skill level 7 in Maces & Flails
  3710 | D:5      | Reached XP level 7. HP: 16/60 MP: 6/6
  4205 | D:5      | Noticed Pikel
  4218 | D:5      | Killed Pikel
  4219 | D:5      | Reached skill level 5 in Fighting
  4219 | D:5      | Reached skill level 8 in Maces & Flails
  4219 | D:5      | Reached XP level 8. HP: 60/68 MP: 7/7
  4612 | D:5      | Reached skill level 9 in Maces & Flails
  4612 | D:5      | Reached skill level 5 in Shields
  4953 | D:5      | Identified the +7 dagger of Spite {speed, rPois rC- Str+3
                  | Stlth+}
  5283 | D:5      | Found a shimmering blue altar of Sif Muna.
  5355 | D:6      | Found Liwn's Assorted Antiques.
  5356 | D:6      | Found Neinnod's Antique Weapon Boutique.
  5367 | D:6      | Reached skill level 10 in Maces & Flails
  5437 | D:6      | Reached skill level 1 in Stealth
  5442 | D:6      | Bought a potion of heal wounds for 160 gold pieces
  5471 | D:6      | Bought a glowing flail for 143 gold pieces
  5518 | D:6      | Reached ***** piety under Zin
  5572 | D:6      | Found a burning altar of Makhleb.
  5579 | D:6      | Identified the +7 hand axe of Dups {flame, Stlth+}
  5686 | D:6      | Found Vohu's Book Shop.
  5731 | D:6      | Reached XP level 9. HP: 69/74 MP: 8/8
  5761 | D:6      | Found Jauvefix's Magic Scroll Boutique.
  6128 | D:6      | Reached skill level 11 in Maces & Flails
  6889 | D:8      | Found an iron altar of Okawaru.
  6899 | D:8      | Fell from the grace of Zin
  6899 | D:8      | Became a worshipper of Warmaster Okawaru
  6905 | D:8      | Gained mutation: Your body sometimes deteriorates upon
                  | taking damage. [potion of mutation]
  6905 | D:8      | Gained mutation: You are somewhat resistant to further
                  | mutation. [potion of mutation]
  6905 | D:8      | Gained mutation: You are somewhat resistant to both further
                  | mutation and mutation removal. [potion of mutation]
  6976 | D:8      | Found Motsaxo's Self-Improvement Boutique.
  7362 | D:8      | Found a white marble altar of Elyvilon.
  7400 | D:8      | Reached skill level 12 in Maces & Flails
  7564 | D:8      | Found a blossoming altar of Fedhas.
  7614 | D:8      | Found a runed translucent door.
  7616 | D:8      | Found a runed translucent door.
  7825 | D:8      | Found a hazy altar of Hepliaklqana.
  7826 | D:8      | Found a shadowy altar of Dithmenos.
  7860 | D:8      | Found Tuev Kua's Changing Room.
  7886 | D:8      | Bought a potion of mutation for 120 gold pieces
  7886 | D:8      | Bought a potion of mutation for 120 gold pieces
  7887 | D:8      | Lost mutation: Your body sometimes deteriorates upon taking
                  | damage. [potion of mutation]
  8068 | D:8      | Reached skill level 1 in Polearms
  8489 | D:9      | Noticed a troll
  8502 | D:9      | Killed a troll
  8502 | D:9      | Reached * piety under Okawaru
  8748 | D:9      | Noticed a troll
  8762 | D:9      | Killed a troll
  8763 | D:9      | Reached XP level 10. HP: 23/84 MP: 9/9
  9069 | D:9      | HP: 3/84 [orc priest/+0 trident (3)]
  9072 | D:9      | Slain by an orc priest

Illustrated notes

Levels and vault maps discovered:
D:1:      lemuel_arrival_lava_pool, layout_loops_cross,
          chequers_ecumenical_altar_grove, minmay_lizard_pond
D:2:      layout_basic
D:3:      layout_rooms, nicolae_overflow_crystal_walls,
          nicolae_vehumet_altar_sigil, due_unseen_surprise
D:4:      layout_basic, minmay_temple_entry_enclosed_plants,
          minmay_misc_feat_cross
D:5:      layout_loops_corners, mainiacjoe_overflow_boulevard,
          grunt_gozag_statues, lemuel_round_altar,
          ebering_dispersal_statue_hall, uniq_pikel
D:6:      layout_cave_pools, bloody_makhleb, serial_shops,
          nicolae_shop_behind_doors, shop, nicolae_shop_hallway_plus,
          nicolae_shop_stone, hangedman_abyss_or_decor_stabs
D:7:      layout_rooms, enter_bailey_2
D:8:      lemuel_insect_pit, layout_loops_ring,
          riverfiend_overflow_shadow_ancestor, mainiacjoe_overflow_chevrons,
          okawaru_metal_pillars_1_2, amcnicky_altar_gilded,
          nicolae_transmutations_shop, nicolae_shop_self_help
D:9:      layout_cave_pools, minmay_orc_entry_temple_small, lightli_minifort
Temple:   nicolae_temple_figure_zero

Skill      XL: |  1  2  3  4  5  6  7  8  9 |
---------------+----------------------------+-----
Shields        | 4 5 6 |  6.0
Armour         | 4 5 6 7 8 |  8.8
Maces & Flails | 3 5 6 7 8 10 12 | 12.1
Fighting       | 4 5 6 |  6.7
Dodging        | 1 2 3 4 |  4.6
Stealth        | 1 |  1.1
Polearms       | 2 |  2.8

Action                   |  1- 3 |  4- 6 |  7- 9 | 10-12 || total
-------------------------+-------+-------+-------+-------++-------
Melee: Flail             |    96 |   119 |    72 |       ||   287
       Headbutt          |    11 |     9 |    44 |     5 ||    69
       Mace              |       |       |   184 |       ||   184
       Spear             |       |       |    29 |    26 ||    55
  Use: Scroll            |       |     4 |       |       ||     4
       Potion            |       |     2 |    11 |     1 ||    14
Armor: Scale mail        |    81 |    71 |   189 |    30 ||   371
Dodge: Dodged            |    45 |    60 |   182 |    22 ||   309
Block: Buckler           |    20 |    25 |    83 |     8 ||   136
